 Dungeon Sprint DCSS version 0.18-a0-1186-gd02dc51 (webtiles) character file.

11885 Kidiri the Unseen (level 11, -32/51 HPs)
             Began as a Spriggan Enchanter on Jan 28, 2016.
             Was the Champion of Dithmenos.
             Hit by a large rock thrown by Polyphemus (43 damage)
             ... in the Dungeon (Sprint III: "The Ten Rune Challenge").
             The game lasted 00:12:15 (1627 turns).

Kidiri the Unseen (Spriggan Enchanter)              Turns: 1627, Time: 00:12:16

Health: -32/51     AC:  4    Str:  4    XL:     11   Next: 55%
Magic:  21/29      EV: 40    Int: 19    God:    Dithmenos [******]
Gold:   39         SH:  0    Dex: 18    Spells: 10 memorised, 7 levels left

rFire  . . .     SeeInvis +     n - +2 dagger (speed)
rCold  . . .     Gourm    .     b - +1 robe
rNeg   . . .     Faith    .     (shield restricted)
rPois  .         Spirit   .     (helmet restricted)
rElec  .         Dismiss  .     k - +0 cloak
rCorr  .         Reflect  .     (gloves unavailable)
SustAt .         Harm     .     (boots unavailable)
MR     +....     NoTele   +     (no amulet)
Stlth  ++++++++++               (no ring)
                                (no ring)

@: phasing (expiring), shrouded, wreathed by umbra, very quick, somewhat
resistant to hostile enchantments, uncannily stealthy
A: unfitting armour, camouflage 1, see invisible, herbivore 3, speed 3, mutation
resistance 1, robust 1, slow metabolism 2
a: Shadow Step, Shadow Form, Renounce Religion


You were in the Dungeon.
You worshipped Dithmenos.
Dithmenos was exalted by your worship.
You were hungry.

You visited 1 branch You collected 39 gold pieces.

Inventory:

Hand Weapons
 n - a +2 dagger of speed (weapon)
Armour
 b - a +1 robe (worn)
 k - a +0 cloak (worn)
Scrolls
 j - a scroll of blinking
 m - a scroll of torment
 q - a scroll of immolation {unknown}
 r - a scroll of remove curse {unknown}
Potions
 a - 6 potions of cure mutation
 c - a potion of berserk rage
 e - a potion of might
 g - 2 potions of haste
 h - a potion of magic
 s - a potion of flight
Books
 i - a book of Battle

   Spells                             Type                      Level
   a - Infusion                       Charms                       1
   b - Shroud of Golubria             Charms/Translocation         2
   c - Song of Slaying                Charms                       2
   d - Spectral Weapon                Hexes/Charms                 3
   e - Regeneration                   Charms/Necromancy            3
 l - a book of the Warp

   Spells                             Type                      Level
   a - Recall                         Summoning/Translocation      3
   b - Gell's Gravitas                Hexes/Translocation          3
   c - Force Lance                    Conjuration/Translocation    4
   d - Phase Shift                    Translocation                5
   e - Warp Weapon                    Charms/Translocation         5
   f - Summon Forest                  Summoning/Translocation      5
Comestibles
 d - a bread ration
 o - 6 fruits
 p - 33 royal jellies


   Skills:
 * Level 12.7 Short Blades
 * Level 16.1 Dodging
 * Level 17.5 Stealth
 * Level 13.9 Spellcasting
 + Level 6.2 Conjurations
 + Level 10.7 Hexes
 + Level 8.3 Charms
 - Level 1.5 Summonings
 + Level 3.4 Necromancy
 + Level 10.0 Translocations
 + Level 6.6 Ice Magic
 - Level 2.2 Invocations


You had 7 spell levels left.
You knew the following spells:

 Your Spells              Type           Power        Failure   Level  Hunger
a - Corona                Hex            ######.      1%          1    None
b - Ensorcelled Hibernat  Hex/Ice        #####.       1%          2    None
c - Confuse               Hex            ######..     1%          3    None
d - Tukima's Dance        Hex            ######..     1%          3    None
e - Dazzling Spray        Conj/Hex       #####...     1%          3    None
f - Gell's Gravitas       Hex/Tloc       ######....   1%          3    None
g - Phase Shift           Tloc           ######....   1%          5    ####...
h - Shroud of Golubria    Chrm/Tloc      #####.....   1%          2    None
i - Regeneration          Chrm/Necr      #####.....   1%          3    None
z - Summon Forest         Summ/Tloc      #####.....   14%         5    ####...


Dungeon Overview and Level Annotations

Branches:
Dungeon (1/1)

Altars:
Cheibriados
Dithmenos
Elyvilon
Fedhas
Gozag
Kikubaaqudgha
Makhleb
Nemelex Xobeh
Okawaru
Pakellas
Qazlal
Ru
Sif Muna
Trog
Vehumet
Xom
Yredelemnul
Zin
The Shining One
Jiyva
Lugonu

Annotations:
D Ilsuiw, Polyphemus


Innate Abilities, Weirdness & Mutations

You are tiny and cannot use many weapons and most armour.
You have supernaturally acute eyesight.
You are a herbivore.
You cover ground extremely quickly.
You need consume almost no food.
Your skin changes colour to match your surroundings (Stealth).
You are somewhat resistant to further mutation.
You are robust (+10% HP).


Message History

Confirm with . or Enter, or press ? or * to list all spells.
Aiming: Dazzling Spray
Press: ? - help, Shift-Dir - straight line, f/p - Polyphemus
Aim: Polyphemus (black smoke, moderately wounded, umbra)
The spray of energy hits Polyphemus.
Polyphemus is moderately wounded.
Polyphemus throws a large rock.
The large rock completely misses you.
Casting: Dazzling Spray
Confirm with . or Enter, or press ? or * to list all spells.
Aiming: Ensorcelled Hibernation
Press: ? - help, Shift-Dir - straight line, f/p - Polyphemus
Aim: Polyphemus (black smoke, moderately wounded, umbra, chance to defeat MR: 36%) Polyphemus easily resists.
You feel closer to the material plane.
Polyphemus throws a large rock.
The large rock completely misses you.
Drink which item? (? for menu, Esc to quit)
Magic courses through your body.
Polyphemus throws a large rock.
The large rock hits you!!!
Ouch! That really hurt!
You die...

******#%.♣♣ ♣♣♣*#+###
###'♣♣♣♣♣♣♣♣♣♣♣♣♣♣♣***,,,+, **
♣♣♣♣.##..##≈≈≈≈≈≈.%#,,*,,,*, ,**
♣..%##.##.#≈≈≈≈≈...#,,*,,,*, *+*
♣♣.##.##.##'≈≈≈≈§####+#****, ,,*
♣..#.##...#≈≈.§§§§§§§#,,,,, *****
♣♣.##.##.)#≈((+#######,,,,, ,,,,*
♣♣.##.#####...#).)...#,,,,, ,,,,*
♣.....##%.@...#♣♣♣)_.#,,,,,
+*****########C#############+****
,,,,,,,,,,,**▓§§§≈≈≈≈≈≈≈≈≈**,,,,,
,,,,,,,,,,,,*▓§§Y≈≈≈≈≈≈≈≈≈**,****
**********,,*▓≈≈≈..≈≈≈≈≈.,**,*,,,
*,,,,,,,,,,,*▓C≈....≈≈≈..,**,*,,,
,,,,,,,,,,,**▓≈≈≈..≈≈≈≈≈.,**,*,,,
,,********** ▓≈≈≈≈≈≈≈≈≈≈.,**,*,,,
,,,,,,,,,,,**▓≈≈≈≈≈≈≈≈≈≈≈,**,*,**


You could see Polyphemus.

Vanquished Creatures
  Maud (D)
  Snorg (D)
  2 hydras (D)
  A centaur warrior (D)
  A death drake (D)
  An unseen horror (D)
  A spriggan druid (D)
  A lindwurm (D)
  A deep elf mage (D)
  A komodo dragon (D)
  2 spiny frogs (D)
  3 wandering mushrooms (D)
  A queen bee (D)
  2 giant leeches (D)
  3 redbacks (D)
  2 spriggans (D)
  A shadow (D)
  A spatial vortex (D)
  A necrophage (D)
  2 centaurs (D)
  An earth elemental (D)
  A water elemental (D)
  32 killer bees (D)
  An electric eel (D)
  Crazy Yiuf (D)
  A wizard (D)
  A jelly (D)
  Jessica (D)
  A necromancer (D)
  3 sheep (D)
  3 humans (D)
  A kobold demonologist (D)
  3 rats (D)
79 creatures vanquished.

Vanquished Creatures (others)
  2 draconian scorchers (D)
  3 yaktaurs (D)
5 creatures vanquished.

Grand Total: 84 creatures vanquished

Notes
Turn   | Place    | Note
--------------------------------------------------------------
     0 | D        | Kidiri the Spriggan Enchanter began the quest for the Orb.
     0 | D        | Reached XP level 1. HP: 9/9 MP: 5/5
    44 | D        | Noticed Jessica
    64 | D        | Killed Jessica
    64 | D        | Reached skill level 6 in Stealth
    64 | D        | Reached XP level 2. HP: 5/13 MP: 5/8
    68 | D        | Learned a level 2 spell: Ensorcelled Hibernation
   158 | D        | Killed a yaktaur
   211 | D        | Killed a white draconian scorcher
   265 | D        | Killed a yaktaur
   299 | D        | Killed a white draconian scorcher
   310 | D        | Reached skill level 5 in Dodging
   310 | D        | Reached XP level 3. HP: 16/16 MP: 4/9
   358 | D        | Learned a level 3 spell: Confuse
   362 | D        | Learned a level 3 spell: Dazzling Spray
   389 | D        | Noticed Crazy Yiuf
   396 | D        | Killed Crazy Yiuf
   396 | D        | Reached skill level 7 in Stealth
   396 | D        | Reached skill level 1 in Ice Magic
   396 | D        | Reached XP level 4. HP: 21/21 MP: 9/11
   404 | D        | Learned a level 3 spell: Tukima's Dance
   413 | D        | Killed a yaktaur
   426 | D        | Gained mutation: You are robust (+10% HP). [potion of mutation]
   426 | D        | Gained mutation: Your skin changes colour to match your surroundings (Stealth). [potion of mutation]
   426 | D        | Gained mutation: You are somewhat resistant to further mutation. [potion of mutation]
   461 | D        | Noticed a water elemental
   492 | D        | Killed a water elemental
   492 | D        | Reached skill level 5 in Short Blades
   492 | D        | Reached skill level 8 in Stealth
   492 | D        | Reached skill level 5 in Spellcasting
   492 | D        | Reached skill level 1 in Conjurations
   492 | D        | Reached skill level 5 in Hexes
   595 | D        | Noticed a shadow
   628 | D        | Killed a shadow
   628 | D        | Reached skill level 9 in Stealth
   628 | D        | Reached XP level 5. HP: 19/26 MP: 2/15
   628 | D        | Reached XP level 6. HP: 21/30 MP: 2/17
   742 | D        | Found an oddly glowing altar of Pakellas.
   742 | D        | Found a stormy altar of Qazlal.
   743 | D        | Found a sacrificial altar of Ru.
   743 | D        | Found a burning altar of Makhleb.
   743 | D        | Found a viscous altar of Jiyva.
   743 | D        | Found a shimmering altar of Xom.
   743 | D        | Found a shadowy altar of Dithmenos.
   743 | D        | Found a sparkling altar of Nemelex Xobeh.
   743 | D        | Found a corrupted altar of Lugonu.
   743 | D        | Found an opulent altar of Gozag.
   743 | D        | Noticed a spatial vortex
   744 | D        | Killed a spatial vortex
   744 | D        | Reached skill level 10 in Stealth
   748 | D        | Became a worshipper of Dithmenos the Shadowed
   804 | D        | Found a radiant altar of Vehumet.
   805 | D        | Found a deep blue altar of Sif Muna.
   805 | D        | Found an ancient bone altar of Kikubaaqudgha.
   810 | D        | Noticed a hellwing
   811 | D        | Noticed a chaos spawn
   817 | D        | Reached * piety under Dithmenos
   840 | D        | Learned a level 3 spell: Gell's Gravitas
   846 | D        | Learned a level 5 spell: Summon Forest
   904 | D        | Found a glowing silver altar of Zin.
   905 | D        | Found a glowing golden altar of the Shining One.
   905 | D        | Found a white marble altar of Elyvilon.
   905 | D        | Noticed a deep elf mage
   907 | D        | Killed a deep elf mage
   907 | D        | Reached skill level 10 in Dodging
   907 | D        | Reached skill level 11 in Stealth
   907 | D        | Reached skill level 1 in Summonings
   907 | D        | Reached XP level 7. HP: 35/35 MP: 20/20
   918 | D        | Found an iron altar of Okawaru.
   919 | D        | Found a bloodstained altar of Trog.
   919 | D        | Noticed a human
   919 | D        | Noticed a human
   921 | D        | Killed a human
   921 | D        | Reached XP level 8. HP: 39/39 MP: 22/22
   922 | D        | Reached skill level 12 in Stealth
   933 | D        | Learned a level 5 spell: Phase Shift
   944 | D        | Found a snail-covered altar of Cheibriados.
   945 | D        | Found a basalt altar of Yredelemnul.
   945 | D        | Found a blossoming altar of Fedhas.
   946 | D        | Reached ** piety under Dithmenos
   965 | D        | Noticed Snorg
   986 | D        | Killed Snorg
   986 | D        | Reached skill level 13 in Stealth
   986 | D        | Reached skill level 10 in Spellcasting
   986 | D        | Reached skill level 5 in Translocations
   986 | D        | Reached XP level 9. HP: 42/42 MP: 18/24
   992 | D        | Learned a level 2 spell: Shroud of Golubria
  1032 | D        | Noticed a centaur warrior
  1034 | D        | Reached *** piety under Dithmenos
  1034 | D        | Reached skill level 1 in Charms
  1038 | D        | Killed a centaur warrior
  1038 | D        | Reached skill level 10 in Short Blades
  1038 | D        | Reached skill level 14 in Stealth
  1038 | D        | Reached skill level 5 in Ice Magic
  1050 | D        | Noticed an unseen horror
  1052 | D        | Killed an unseen horror
  1116 | D        | Noticed a queen bee
  1119 | D        | Reached **** piety under Dithmenos
  1120 | D        | Reached ***** piety under Dithmenos
  1121 | D        | Reached XP level 10. HP: 48/48 MP: 13/26
  1121 | D        | Reached skill level 15 in Stealth
  1122 | D        | Reached ****** piety under Dithmenos
  1122 | D        | Reached skill level 5 in Conjurations
  1123 | D        | Reached skill level 5 in Charms
  1339 | D        | Learned a level 3 spell: Regeneration
  1339 | D        | Noticed a spiny frog
  1339 | D        | Noticed a spiny frog
  1342 | D        | Killed a spiny frog
  1344 | D        | Reached skill level 1 in Necromancy
  1345 | D        | Killed a spiny frog
  1345 | D        | Reached skill level 16 in Stealth
  1355 | D        | Reached skill level 10 in Hexes
  1364 | D        | Noticed a lindwurm
  1375 | D        | Killed a lindwurm
  1375 | D        | Reached skill level 15 in Dodging
  1377 | D        | Reached XP level 11. HP: 51/51 MP: 22/29
  1413 | D        | Noticed Maud
  1415 | D        | Killed Maud
  1420 | D        | Noticed a four-headed hydra
  1420 | D        | Noticed a six-headed hydra
  1424 | D        | Killed a four-headed hydra
  1424 | D        | Reached skill level 17 in Stealth
  1425 | D        | Killed a six-headed hydra
  1464 | D        | Noticed a death drake
  1467 | D        | Killed a death drake
  1477 | D        | Found a blossoming altar of Fedhas.
  1477 | D        | Noticed a spriggan druid
  1481 | D        | Reached skill level 10 in Translocations
  1484 | D        | Killed a spriggan druid
  1600 | D        | Noticed Polyphemus
  1601 | D        | Noticed Ilsuiw
  1627 | D        | Hit by a large rock thrown by Polyphemus

Vault maps used:
D:        dungeon_sprint_mu

Action                   |  1- 3 |  4- 6 |  7- 9 | 10-12 || total
-------------------------+-------+-------+-------+-------++-------
Melee: Dagger            |    17 |    41 |    16 |    30 ||   104
 Cast: Corona            |     1 |       |       |       ||     1
       Ensorcelled Hiber |     2 |       |     1 |     8 ||    11
       Dazzling Spray    |       |    11 |     3 |     7 ||    21
       Gell's Gravitas   |       |       |     3 |     8 ||    11
       Phase Shift       |       |       |     1 |     2 ||     3
       Shroud of Golubri |       |       |     1 |     1 ||     2
       Confuse           |       |       |       |     1 ||     1
Invok: Shadow Step       |       |       |       |     5 ||     5
  Use: Potion            |     1 |     4 |       |     2 ||     7
       Scroll            |       |     4 |       |       ||     4
 Stab: Sleeping          |     4 |     3 |     8 |    20 ||    35
       Invisible         |       |     1 |     3 |       ||     4
